 Dungeon Crawl Stone Soup version 0.19-a0-926-g4486784 (webtiles) character file.

128870 st0uf the Peltast (level 17, -20/110 HPs)
             Began as a Formicid Fighter on July 6, 2016.
             Was the Champion of Uskayaw.
             Killed from afar by a Hell Sentinel (33 damage)
             ... with damnation
             ... on level 2 of the Abyss.
             The game lasted 02:42:45 (27213 turns).

st0uf the Peltast (Formicid Fighter)               Turns: 27213, Time: 02:42:45

Health: -20/110    AC: 26    Str: 28    XL:     17   Next: 60%
Magic:  19/19      EV: 15    Int: 16    God:    Uskayaw [******]
Gold:   1323       SH: 21    Dex: 19    Spells: 0 memorised, 16 levels left

rFire  + + .     SeeInvis +     J - +3 war axe "Exuijoshyl" {venom, +Fly Str+4 Int+2 Dex+4}
rCold  . . .     Gourm    .     e - +2 plate armour {rC+}
rNeg   + + +     Faith    .     c - +0 shield
rPois  +         Spirit   .     (helmet unavailable)
rElec  .         Dismiss  .     O - +2 cloak {MR+}
rCorr  .         Reflect  +     E - +1 pair of gloves of Sorcery {+Inv MP-9 Stlth+}
SustAt .         Harm     .     X - +2 pair of boots
MR     ++...                    P - +5 amulet of reflection
Stlth  ..........               q - ring of Wihur {rF+ Int+5 Dex-2 Slay+5}
                                b - ring of Udeconov {rPois rF+ rC- rN+++ Int+2}

@: very resistant to hostile enchantments, extremely unstealthy
A: permanent stasis, dig shafts and tunnels, four strong arms, antennae 3, thin
skeletal structure 1, deterioration 2, frail 2, high mp 1, evolution 1
a: Dig, Shaft Self, Stomp, Line Pass, Grand Finale, Renounce Religion, Evoke
Invisibility, Evoke Flight


You were on level 2 of the Abyss.
You worshipped Uskayaw.
Uskayaw was exalted by your worship.
You were not hungry.

You visited 5 branches of the dungeon, and saw 26 of its levels.
You visited the Abyss 1 time.
You also visited: Labyrinth, Sewer and Volcano.

You collected 2510 gold pieces.
You spent 1187 gold pieces at shops.

Inventory:

Hand Weapons
 u - the +8 hunting sling "Duhyw" {flame, Int-5 Dex+4}
   (You found it on level 11 of the Dungeon)

   It causes projectiles fired from it to burn those they strike, causing extra
   injury to most foes and up to half again as much damage against particularly
   susceptible opponents.
   It affects your intelligence (-5).
   It affects your dexterity (+4).
 G - the +7 spear of a sewer {pierce, rElec rF- rN+ Int+4}
   (You found it in a sewer)

   It inflicts extra damage upon your enemies.
   It affects your intelligence (+4).
   It makes you vulnerable to fire.
   It insulates you from electricity.
   It protects you from negative energy.
 J - the +3 war axe "Exuijoshyl" (weapon) {venom, +Fly Str+4 Int+2 Dex+4}
   (You found it on level 5 of the Dungeon)

   It poisons the flesh of those it strikes.
   It affects your strength (+4).
   It affects your intelligence (+2).
   It affects your dexterity (+4).
   It lets you fly.
 M - the +8 whip "Snakebite" {curare, rPois}
   (You found it on level 1 of the Lair of Beasts)

   It poisons the flesh of those it strikes.
   It protects you from poison.
 N - the cursed +3 war axe "Hurchy" {vamp, rF+ rC+ Int+3}
   (You found it on level 3 of the Lair of Beasts)

   It inflicts no extra harm, but heals its wielder somewhat when it strikes a
   living foe.
   It affects your intelligence (+3).
   It protects you from fire.
   It protects you from cold.
   It has a curse placed upon it.
 S - a +2 morningstar of holy wrath
Missiles
 m - 741 stones (quivered)
 t - 5 throwing nets
 x - 219 sling bullets
Armour
 c - a +0 shield (worn)
 e - a +2 plate armour of cold resistance (worn)
 E - the +1 pair of gloves of Sorcery (worn) {+Inv MP-9 Stlth+}
   (You acquired it on level 14 of the Dungeon)

   It affects your magic capacity (-9).
   It lets you turn invisible.
   It makes you more stealthy.
 O - a +2 cloak of magic resistance (worn)
 X - a +2 pair of boots (worn)
Jewellery
 b - the ring of Udeconov (left hand) {rPois rF+ rC- rN+++ Int+2}
   (You found it in a labyrinth)

   [ring of poison resistance]

   It affects your intelligence (+2).
   It protects you from fire.
   It makes you vulnerable to cold.
   It protects you from poison.
   It renders you almost immune to negative energy.
 d - an uncursed amulet of regeneration
 p - an uncursed ring of resist corrosion
 q - the ring of Wihur (right hand) {rF+ Int+5 Dex-2 Slay+5}
   (You found it on level 6 of the Lair of Beasts)

   [ring of protection from fire]

   It affects your intelligence (+5).
   It affects your dexterity (-2).
   It affects your accuracy and damage with ranged weapons and melee attacks
   (+5).
   It protects you from fire.
 w - an uncursed ring of ice
 D - a +4 ring of protection
 P - a +5 amulet of reflection (around neck)
 Q - an uncursed ring of protection from magic
Wands
 y - a wand of digging (12/24)
 K - a wand of disintegration (20/24)
Scrolls
 g - 3 scrolls of fog
 h - 13 scrolls of remove curse
 i - 3 scrolls of brand weapon {unknown}
 l - 5 scrolls of identify
 r - 3 scrolls of enchant weapon
 z - 4 scrolls of enchant armour
 C - 6 scrolls of recharging
 T - 5 scrolls of magic mapping
 V - 3 scrolls of fear
Potions
 j - a potion of magic
 k - 3 potions of heal wounds
 n - 17 potions of curing
 o - 2 potions of ambrosia
 s - 6 potions of brilliance
 v - 7 potions of might
 A - 2 potions of cancellation
 H - 4 potions of agility
 L - 3 potions of invisibility
 Y - 4 potions of resistance
Comestibles
 a - 5 meat rations
 f - 3 bread rations
 F - 2 slices of pizza
 I - 2 beef jerkies


   Skills:
 + Level 13.7 Fighting
 + Level 15.2 Axes
 + Level 1.2 Slings
 + Level 11.8 Armour
 + Level 10.2 Dodging
 + Level 16.1 Shields
 + Level 12.3 Invocations
 + Level 0.2 Evocations


You had 16 spell levels left.
You didn't know any spells.

Dungeon Overview and Level Annotations

Branches:
Dungeon (15/15)            Temple (1/1) D:6            Lair (6/6) D:9
  Swamp (0/4) Lair:2        Snake (0/4) Lair:3        Slime (0/5) Lair:6
    Orc (2/2) D:12            Elf (2/3) Orc:2        Vaults (0/5) D:14
 Depths (0/5) D:15

Altars:
Ashenzari
Cheibriados
Dithmenos
Elyvilon
Fedhas
Gozag
Hepliaklqana
Kikubaaqudgha
Makhleb
Nemelex Xobeh
Okawaru
Pakellas
Qazlal
Ru
Sif Muna
Trog
Uskayaw
Vehumet
Xom
Yredelemnul
Zin
The Shining One
Beogh

Shops:
D:11 (   D:13 *   D:14 ??   Orc:2 ([[(=   Elf:1 *

Portals:
Trove: Elf:1 (give +3 storm dragon armour)


Innate Abilities, Weirdness & Mutations

You are under a permanent stasis effect.
You can dig through walls and to a lower floor.
Your four strong arms can wield two-handed weapons with a shield.
You have a pair of large antennae on your head. (SInv)
You have a somewhat thin skeletal structure. (Dex +2, Stealth)
You have an increased reservoir of magic. (+10% MP)
You evolve.
[Your body often deteriorates upon taking damage.]
[You are very frail. (-20% HP)]


Message History

You destroy the starcursed mass!
You slash the hell hound! You block the hell hound's attack.
The wretched star pulses with an eldritch light!
You feel frail. x2; You feel yourself wasting away.
You feel your body start to fall apart.
Uskayaw prepares the audience for your solo!
The helpless hell hound fails to defend itself.
You open the hell hound like a pillowcase!!!
You kill the hell hound!
Unknown command.
A Hell Sentinel comes into view.
The Hell Sentinel roars!
You see here a hell hound corpse.
The helpless hell hound fails to defend itself.
You slice the hell hound!!
You kill the hell hound!
Unknown command.
The Hell Sentinel gestures at you.
The sphere of damnation explodes!
The damnation engulfs you!
You die...

# .. . ## .{ .#
. . . {. ## .#
..# ##.# .#
..3##.#.#.# .
....1.....# .
..*h#.#.@# .
.{#†#.### #.
#.#.#†...# . . .
.#.....##### #
......#.....# ..
.
...#....#.....#
.# .
.....#..#..#.##
#
...........#.##{
.. .. ....#...
###.#### ..


You could see a Hell Sentinel and a sun demon (wandering).

Vanquished Creatures
  Rupert (Lair:4)
  Gastronok (Lair:2)
  Frances (D:13)
  Snorg (D:14)
  A fire dragon (Volcano)
  A minotaur (Lab)
  An ettin (Orc:2)
  Josephine (Lair:5)
  A yaktaur captain (D:15)
  3 vault guards (D:14)
  Harold (Lair:4)
  A great orb of eyes (Lair:6)
  6 hydras
  3 death yaks (Lair:6)
  3 centaur warriors (D:15)
  7 dancing weapons
  A tengu warrior (D:13)
  A thrashing horror (Abyss:2)
  A fire crab (Lair:4)
  Sonja (D:10)
  6 deep elf knights
  5 hill giants
  2 unseen horrors
  A giant orange brain (Abyss:2)
  A deep elf archer (Elf:2)
  5 orc knights
  18 ugly things
  27 deep elf magi
  4 oklob plants
  5 griffons
  4 orc sorcerers (Orc:2)
  A wizard (D:14)
  7 cyclopes
  A salamander (Volcano)
  2 manticores
  4 black mambas
  2 torpor snails
  4 centaur zombies
  An orange demon (Abyss:2)
  A water nymph (shapeshifter) (Elf:1)
  3 gargoyles
  5 spiny frogs
  6 rime drakes
  A yaktaur (D:14)
  2 tengu conjurers
  6 komodo dragons
  3 meliai (D:13)
  6 trolls
  A queen bee (Lair:3)
  8 polar bears (Lair:6)
  A harpy zombie (D:15)
  A large abomination (Abyss:2)
  6 two-headed ogres
  12 blink frogs
  Grinder (D:5)
  4 raiju (Lair:6)
  26 slime creatures
  A boulder beetle (Lair:6)
  An air elemental (Elf:2)
  3 water elementals (Elf:1)
  A spriggan (D:9)
  Sigmund (D:4)
  A shadow (D:14)
  3 vampires
  17 wyverns
  27 yaks
  A human (D:14)
  7 wraiths
  3 fire elementals
  9 basilisks
  2 fire bats (Volcano)
  A golden eye (Lair:6)
  14 hippogriffs
  7 vampire mosquitoes
  A chaos spawn (Abyss:2)
  4 hungry ghosts
  2 steam dragons (Volcano)
  A neqoxec (Abyss:2)
  Menkaure (D:6)
  5 mottled dragons
  3 nagas (Lair:3)
  14 wargs
  Duvessa (D:5)
  8 hell hounds
  22 water moccasins
  7 porcupines
  20 orc warriors
  14 black bears
  2 small abominations (Abyss:2)
  4 sky beasts
  A necrophage (D:11)
  4 ice beasts
  5 starcursed masses (Abyss:2)
  6 ogres
  6 centaurs
  A wasp (D:15)
  3 eyes of draining
  2 phantoms
  11 wolves
  25 crocodiles
  2 big kobolds
  12 giant frogs
  An earth elemental (Elf:2)
  Dowan (D:5)
  A wyvern skeleton (D:12)
  7 scorpions
  30 killer bees
  5 wights (D:10)
  3 electric eels
  2 howler monkeys
  3 jellies
  5 crimson imps
  4 giant frog zombies
  17 hounds
  3 giant frog skeletons
  8 orc priests
  Crazy Yiuf (D:6)
  4 centaur skeletons
  39 orc wizards
  7 iguanas
  8 worker ants
  A killer bee zombie (D:9)
  41 sheep
  2 hound skeletons (D:4)
  2 hound zombies
  2 worker ant zombies
  21 adders
  45 river rats
  5 shadow imps
  4 oozes
  An adder zombie (D:8)
  8 worms
  2 dart slugs (D:1)
  6 giant geckos
  67 orcs
  3 ball pythons (Sewer)
  8 giant cockroaches
  7 goblins
  3 hobgoblins
  11 jackals
  34 kobolds
  8 quokkas
  21 bats
  A giant cockroach zombie (D:5)
  A giant gecko skeleton (D:5)
  8 giant newts
  A quokka skeleton (D:9)
  35 rats
  5 fungi
  A lurking horror (Abyss:2)
  8 plants
1027 creatures vanquished.

Vanquished Creatures (collateral kills)
  A blink frog (Lair:4)
1 creature vanquished.

Vanquished Creatures (others)
  Nessos (Orc:2)
  A wizard (D:15)
  A cyclops (Orc:2)
  A raiju (Abyss:2)
  A bush (Lair:6)
  2 fungi
  10 plants
17 creatures vanquished.

Grand Total: 1045 creatures vanquished

Notes
Turn   | Place    | Note
-------+----------+-------------------------------------------
     0 | D:1      | st0uf the Formicid Fighter began the quest for the Orb.
     0 | D:1      | Reached XP level 1. HP: 18/18 MP: 1/1
   349 | D:1      | Reached XP level 2. HP: 24/24 MP: 2/2
   377 | D:1      | Reached skill level 4 in Shields
   875 | D:1      | Reached XP level 3. HP: 27/29 MP: 3/3
  1417 | D:2      | Reached XP level 4. HP: 29/36 MP: 4/4
  1558 | D:3      | Reached skill level 1 in Dodging
  2251 | D:3      | Found a faded altar of an unknown god.
  2410 | D:3      | Reached XP level 5. HP: 39/41 MP: 5/5
  3014 | D:4      | Reached skill level 5 in Shields
  3054 | D:4      | Reached XP level 6. HP: 40/48 MP: 6/6
  3060 | D:4      | Got a brightly glowing dagger
  3198 | D:4      | Noticed Sigmund
  3212 | D:4      | Killed Sigmund
  3212 | D:4      | Reached XP level 7. HP: 26/54 MP: 7/7
  3413 | D:4      | Found a glowing drain.
  3417 | Sewer    | Entered a sewer
  3457 | Sewer    | Reached skill level 6 in Shields
  3713 | Sewer    | Got an ivory spear
  3786 | Sewer    | Reached skill level 5 in Armour
  4130 | Sewer    | Identified the +7 spear of a sewer {pierce, rElec rF- rN+ Int+4} (You found it in a sewer)
  4131 | Sewer    | Identified the +1 dagger of Welfare {freeze, *Drain +Fly rF+ rC++} (You found it on level 4 of the Dungeon)
  4309 | D:5      | Entered Level 5 of the Dungeon
  4340 | D:5      | Reached XP level 8. HP: 49/61 MP: 8/8
  4409 | D:4      | You fall through a shaft!
  4652 | D:5      | Got a steaming war axe
  4653 | D:5      | Identified the +3 war axe "Exuijoshyl" {venom, +Fly Str+4 Int+2 Dex+4} (You found it on level 5 of the Dungeon)
  4759 | D:5      | Reached skill level 7 in Shields
  4776 | D:5      | Noticed Duvessa
  4794 | D:5      | Noticed Dowan
  4800 | D:5      | Killed Duvessa
  4801 | D:5      | Killed Dowan
  4801 | D:5      | Reached skill level 5 in Fighting
  5067 | D:5      | Reached XP level 9. HP: 14/68 MP: 9/9
  5345 | D:6      | Noticed Grinder
  5369 | D:5      | Reached skill level 5 in Axes
  5485 | D:5      | Killed Grinder
  5679 | D:5      | Reached skill level 8 in Shields
  5746 | D:6      | Reached skill level 5 in Dodging
  5771 | D:6      | Noticed Menkaure
  5778 | D:6      | Killed Menkaure
  5789 | D:6      | Found a staircase to the Ecumenical Temple.
  5806 | Temple   | Entered the Ecumenical Temple
  5843 | Temple   | Became a worshipper of Uskayaw the Reveler
  5953 | D:6      | Reached * piety under Uskayaw
  6051 | D:6      | Found a runed door.
  6055 | D:6      | Noticed Crazy Yiuf
  6061 | D:6      | Killed Crazy Yiuf
  6248 | D:7      | Reached ** piety under Uskayaw
  6249 | D:7      | Reached skill level 1 in Invocations
  6518 | D:7      | Reached *** piety under Uskayaw
  6519 | D:7      | Reached XP level 10. HP: 71/77 MP: 11/11
  6812 | D:8      | Reached **** piety under Uskayaw
  7240 | D:9      | Reached ***** piety under Uskayaw
  7386 | D:9      | Found a glowing golden altar of the Shining One.
  7703 | D:9      | Found a staircase to the Lair.
  7740 | Lair:1   | Entered Level 1 of the Lair of Beasts
  7788 | Lair:1   | Reached skill level 9 in Shields
  8382 | Lair:1   | Reached skill level 5 in Invocations
  8396 | Lair:1   | Reached XP level 11. HP: 60/84 MP: 14/14
  8405 | Lair:1   | Reached ****** piety under Uskayaw
  9119 | Lair:2   | Found a staircase to the Swamp.
  9132 | Lair:2   | Noticed Gastronok
  9151 | Lair:2   | Killed Gastronok
  9740 | Lair:2   | Reached skill level 10 in Shields
 10312 | Lair:3   | Reached XP level 12. HP: 60/92 MP: 13/18
 11004 | Lair:3   | Found a staircase to the Snake Pit.
 11018 | Lair:3   | Got an iridescent war axe
 11032 | Lair:3   | Reached skill level 11 in Shields
 11055 | Lair:3   | Identified the cursed +3 war axe "Hurchy" {vamp, rF+ rC+ Int+3} (You found it on level 3 of the Lair of Beasts)
 11803 | Lair:3   | Reached skill level 10 in Invocations
 12181 | Lair:4   | Reached XP level 13. HP: 87/101 MP: 20/20
 12209 | Lair:4   | Found a labyrinth entrance.
 12225 | Lab      | Entered a labyrinth
 12465 | Lab      | Noticed a minotaur
 12472 | Lab      | Killed a minotaur
 12499 | Lab      | Got an ancient pewter ring
 12500 | Lab      | Identified the ring of Udeconov {rPois rF+ rC- rN+++ Int+2} (You found it in a labyrinth)
 12845 | Lair:4   | Found a runed door.
 12845 | Lair:4   | Noticed a four-headed hydra
 12858 | Lair:4   | Killed a four-headed hydra
 12864 | Lair:4   | Reached skill level 10 in Axes
 12884 | Lair:4   | Noticed Rupert
 13083 | Lair:4   | HP: 4/101 [Rupert/battleaxe of chopping (4)]
 13109 | Lair:4   | Killed Rupert
 13345 | Lair:4   | Noticed Harold
 13356 | Lair:4   | Killed Harold
 13422 | Lair:5   | Noticed Josephine
 13429 | Lair:5   | Killed Josephine
 13689 | Lair:5   | Noticed a four-headed hydra
 13745 | Lair:4   | Killed a four-headed hydra
 14158 | Lair:6   | Entered Level 6 of the Lair of Beasts
 14189 | Lair:6   | Found a staircase to the Slime Pits.
 14207 | Lair:6   | Reached skill level 10 in Fighting
 14207 | Lair:6   | Reached skill level 12 in Shields
 14629 | Lair:6   | Reached XP level 14. HP: 75/110 MP: 22/22
 14672 | Lair:6   | HP: 4/110 [hell hound/blast of flame (15)]
 15236 | Lair:6   | Got a glittering pewter ring
 15808 | Lair:6   | HP: 4/111 [komodo dragon (5)]
 16244 | Lair:6   | Identified the ring of Wihur {rF+ Int+5 Dex-2 Slay+5} (You found it on level 6 of the Lair of Beasts)
 16484 | D:10     | Entered Level 10 of the Dungeon
 16945 | D:10     | Noticed Sonja
 16949 | D:10     | Killed Sonja
 16949 | D:10     | Reached skill level 13 in Shields
 17020 | D:11     | Found Kuschir's Antique Weapon Shoppe.
 17175 | D:11     | Got a shimmering hunting sling
 17176 | D:11     | Identified the +8 hunting sling "Duhyw" {flame, Int-5 Dex+4} (You found it on level 11 of the Dungeon)
 17543 | D:12     | Found a roughly hewn altar of Beogh.
 17543 | D:12     | Found a staircase to the Orcish Mines.
 17739 | D:12     | Reached XP level 15. HP: 117/117 MP: 24/24
 18078 | D:12     | Reached skill level 10 in Armour
 18545 | D:12     | Reached skill level 1 in Slings
 18558 | D:12     | Reached skill level 10 in Dodging
 19279 | D:13     | Noticed Frances
 19292 | D:13     | Killed Frances
 20053 | D:13     | Found Qufrergh's General Store.
 20276 | D:14     | Reached skill level 14 in Shields
 20386 | D:14     | Found a shattered altar of Ashenzari.
 20875 | D:14     | Noticed Snorg
 20890 | D:14     | Killed Snorg
 21041 | D:14     | Found Fofyirgh's Magic Scroll Boutique.
 21060 | D:14     | Found Uwaxeci's Magic Scroll Shop.
 21062 | D:14     | Bought a scroll of identify for 20 gold pieces
 21068 | D:14     | Bought a scroll of identify for 32 gold pieces
 21068 | D:14     | Bought a scroll of identify for 32 gold pieces
 21068 | D:14     | Bought a scroll of identify for 32 gold pieces
 21068 | D:14     | Bought a scroll of identify for 32 gold pieces
 21093 | D:14     | Reached XP level 16. HP: 127/127 MP: 25/25
 21206 | D:14     | Found a gate to the Vaults.
 21350 | D:14     | Identified a scroll of acquirement
 21351 | D:14     | Got a pair of smoking gloves
 21362 | D:14     | Identified the +1 pair of gloves of Sorcery {+Inv MP-9 Stlth+} (You acquired it on level 14 of the Dungeon)
 21391 | D:15     | Entered Level 15 of the Dungeon
 21614 | D:15     | Found a white marble altar of Elyvilon.
 21838 | D:15     | Found a staircase to the Depths.
 22712 | Orc:1    | Entered Level 1 of the Orcish Mines
 22975 | Orc:1    | Found a dark tunnel.
 22992 | Volcano  | Entered a volcano
 23033 | Volcano  | Reached skill level 15 in Shields
 23681 | Orc:2    | Entered Level 2 of the Orcish Mines
 23712 | Orc:2    | Found Iryess's Jewellery Shoppe.
 23722 | Orc:2    | Bought a +5 amulet of reflection for 350 gold pieces
 23843 | Orc:2    | Found a roughly hewn altar of Beogh.
 23854 | Orc:2    | Found Aceywker's Antique Armour Boutique.
 23866 | Orc:2    | Found Onanufum's Weapon Emporium.
 24117 | Orc:2    | Noticed Nessos
 24120 | Orc:2    | Found a staircase to the Elven Halls.
 24126 | Orc:2    | Killed Nessos
 24171 | Orc:2    | Found Dafew's Antique Weapon Boutique.
 24190 | Orc:2    | Found Jilusch's Antique Armour Emporium.
 24292 | Orc:2    | Bought a spiked cloak for 313 gold pieces
 24292 | Orc:2    | Bought a pair of embroidered boots for 148 gold pieces
 24307 | Orc:2    | Identified the cursed -7 cloak "Oclec" {MR+} (You bought it in a shop on level 2 of the Orcish Mines)
 24379 | Orc:2    | Bought a spiked scale mail for 180 gold pieces
 24379 | Orc:2    | Identified the +1 scale mail of Ladders and Snakes {Int-5 Dex+7} (You bought it in a shop on level 2 of the Orcish Mines)
 25002 | Elf:1    | Entered Level 1 of the Elven Halls
 25200 | Elf:1    | Reached XP level 17. HP: 137/137 MP: 17/26
 25363 | Elf:1    | Found Gehuon's General Store.
 25377 | Elf:1    | Bought a scroll of identify for 24 gold pieces
 25377 | Elf:1    | Bought a scroll of identify for 24 gold pieces
 25435 | Elf:1    | Found a portal to a secret trove of treasure.
 26307 | Elf:2    | Reached skill level 15 in Axes
 26845 | Elf:2    | Cast into level 2 of the Abyss (a deep elf sorcerer)
 26848 | Abyss:2  | Found a corrupted altar of Lugonu.
 27161 | Abyss:2  | Reached skill level 16 in Shields
 27162 | Abyss:2  | Gained mutation: You evolve. [potion of beneficial mutation]
 27163 | Abyss:2  | Gained mutation: You have a somewhat thin skeletal structure. (Dex +2, Stealth) [potion of beneficial mutation]
 27164 | Abyss:2  | Gained mutation: You have an increased reservoir of magic. (+10% MP) [potion of beneficial mutation]
 27210 | Abyss:2  | Noticed a Hell Sentinel
 27213 | Abyss:2  | Killed from afar by a Hell Sentinel

Vault maps used:
D:1:      dpeg_arrival_refuge, minmay_misc_feat_four_crosses, st_stairs_8,
          minmay_close_crescents
D:2:      first_bread
D:3:      ecumenical_altar_2, patterned_corridor
D:4:      gup_sewer_entry_bowl, uniq_sigmund
D:5:      kennysheep_generic_room_2, uniq_duvessa
D:6:      uniq_menkaure, uniq_grinder, uniq_crazy_yiuf_cottage
D:9:      tso_altar, grunt_lair_entry_orc_guard_hut, the_bakery
D:10:     uniq_sonja
D:11:     serial_shops, shop
D:12:     david_orc_5
D:13:     serial_shops, kennysheep_little_box, uniq_frances
D:14:     grunt_vaults_entry_fortified, evilmike_ruin_ashenzari, serial_shops,
          shop, shop, uniq_snorg
D:15:     grunt_enter_depths_snipers, minivault_27, elyvilon_altar_1
Temple:   compressed_dpeg_circular_temple
Lair:1:   minmay_guarded_unrand_snakebite, lemuel_fruit_fields,
          serial_bayou_shore_a, lemuel_fruit_tree
Lair:2:   swamp_mist_pool, uniq_gastronok
Lair:3:   regret_index_wax_grids, minmay_snake_entry_guardpost_small
Lair:4:   lab_entry_generic, pf_torpor_hydra, uniq_rupert, uniq_harold
Lair:5:   uniq_josephine
Lair:6:   hangedman_lair_caniforms_friends, minmay_slime_entry_oklob_open
Orc:1:    nicolae_volcano_entry_two_sided
Orc:2:    st_orc_town, serial_shops, shop, uniq_nessos
Elf:1:    serial_shops, shop_fountains, enter_trove_2,
          minmay_elf_crystal_hexagon, minmay_misc_feat_ornament
Lab:      labyrinth_mini_lab
Sewer:    sewer_minmay_treatment
Volcano:  pf_volcano_lost_world

Skill      XL: |  1  2  3  4  5  6  7  8  9 10 11 12 13 14 15 16 17 |
---------------+----------------------------------------------------+-----
Shields        | 4 5 6 7 8 9 10 11 12 13 14 15 16 | 16.1
Dodging        | 1 2 3 4 5 6 7 8 9 10 | 10.2
Armour         | 4 5 6 7 8 9 10 11 | 11.8
Fighting       | 4 5 6 7 8 9 10 12 13 | 13.7
Axes           | 3 4 5 7 8 9 10 11 13 14 15 | 15.2
Invocations    | 2 5 8 10 11 12 | 12.3
Slings         | 1 |  1.2
Evocations     | |  0.2

Action                   |  1- 3 |  4- 6 |  7- 9 | 10-12 | 13-15 | 16-18 || total
-------------------------+-------+-------+-------+-------+-------+-------++-------
Melee: War axe           |   115 |   197 |   366 |   396 |   986 |   661 ||  2721
       Spear             |       |       |       |    10 |    29 |    30 ||    69
       Whip              |       |       |       |   147 |    19 |       ||   166
 Fire: Hunting sling     |     3 |     6 |       |       |    10 |       ||    19
Invok: Stomp             |       |       |       |    14 |    25 |     1 ||    40
       Line Pass         |       |       |       |     5 |     3 |     1 ||     9
       Grand Finale      |       |       |       |     1 |     1 |       ||     2
 Abil: Shaft Self        |       |       |     1 |       |       |       ||     1
       Dig               |       |       |       |     5 |    18 |     2 ||    25
       Evoke Flight      |       |       |       |       |       |     1 ||     1
  Use: Potion            |       |     1 |       |       |     5 |     5 ||    11
       Scroll            |       |       |     4 |    20 |    19 |     3 ||    46
 Stab: Paralysed         |       |       |     1 |    54 |   136 |    82 ||   273
       Distracted        |       |       |       |       |     1 |       ||     1
       Confused          |       |       |       |       |     1 |       ||     1
  Eat: Chunk             |     1 |     7 |    14 |    24 |    36 |    17 ||    99
       Royal jelly       |       |       |       |       |     1 |     1 ||     2
       Fruit             |       |       |       |       |       |     2 ||     2
Armor: Scale mail        |    57 |    90 |   109 |   114 |     3 |       ||   373
       Ring mail         |       |       |       |       |   168 |       ||   168
       Chain mail        |       |       |       |       |    33 |       ||    33
       Plate armour      |       |       |       |       |    57 |   163 ||   220
Dodge: Dodged            |    35 |    71 |   145 |   243 |   469 |   159 ||  1122
Block: Shield            |    70 |   114 |   194 |   321 |   639 |   458 ||  1796
       Reflection        |       |       |       |       |       |    12 ||    12
